AoeStats
← sanyifong

Enclosed

505135139Analyzed
1v1 RM · 26d ago on Sep 8, 2026· 25m 52s· 2 players
Game mode
Random Map
Map size
Tiny (2 player)
Population
200
Speed
Normal
Resources
Standard
Victory
Conquest
Starting age
Dark Age
Ending age
Imperial Age
RankedLock teamsTeams togetherTeam positionsShared explorationLock speedFull tech treeHidden civsTurbo modeCheats
Victory
Defeat
🇺🇸 Dravidians · United States
726
+16
🇬🇹 Portuguese · Guatemala
722
-16
sanyifong
11:02 Feudal Age
16:50 Castle Age
sethdwelter
9:56 Loom
12:01 Feudal Age
12:11 Man-at-Arms
13:02 Horse Collar
13:13 Gold Mining
14:05 Forging
13:55 Scale Mail Armor
15:28 Wheelbarrow
18:12 Arson
22:43 Castle Age
22:45 Long Swordsman
23:45 Chain Mail Armor
22:53 Elite Skirmisher
23:30 Fletching
25:01 Murder Holes
26:17 Hand Cart
Connection lost

Rejoining the realm…

Still unreachable

The connection could not be restored.

Session expired

The server has moved on; the page needs a fresh start.